 Dungeon Crawl Stone Soup version 0.19-a0-1815-g4007336 (webtiles) character file.

17545 Amnesiac the Executioner (level 12, 0/95 HPs)
             Began as a Hill Orc Gladiator on Oct 6, 2016.
             Was a High Priest of Okawaru.
             Slain by a polar bear (13 damage)
             ... in an ice cave.
             The game lasted 00:19:01 (12070 turns).

Amnesiac the Executioner (Hill Orc Gladiator)      Turns: 12070, Time: 00:19:02

Health: 0/95       AC: 15    Str: 25    XL:     12   Next: 49%
Magic:  12/12      EV:  9    Int:  8    God:    Okawaru [*****.]
Gold:   327        SH:  5    Dex: 15    Spells: 0 memorised, 11 levels left

rFire  + . .     SeeInvis +     e - +0 battleaxe (freeze)
rCold  . . .     Gourm    .     j - +1 chain mail {rF+}
rNeg   . . .     Faith    .     (shield currently unavailable)
rPois  .         Spirit   .     c - +0 helmet
rElec  .         Dismiss  .     A - +0 cloak {+Inv}
rCorr  .         Reflect  +     l - +0 pair of gloves
MR     .....     Harm     .     M - +2 pair of boots {Fly}
Stlth  ..........               D - +5 amulet of reflection
                                a - ring of see invisible
                                y - +6 ring of strength

@: flying
A: frail 1
a: Heroism, Finesse, Renounce Religion, Evoke Invisibility, Stop Flying


You were in an ice cave.
You worshipped Okawaru.
Okawaru was extremely pleased with you.
You were hungry.

You visited 3 branches of the dungeon, and saw 11 of its levels.
You also visited: Ossuary and Ice Cave.

You collected 789 gold pieces.
You spent 462 gold pieces at shops.

Inventory:

Hand Weapons
 e - a +0 battleaxe of freezing (weapon)
Missiles
 d - 5 throwing nets
 h - 8 poisoned javelins (quivered)
Armour
 c - a +0 helmet (worn)
 j - a +1 chain mail of fire resistance (worn)
 l - a +0 pair of gloves (worn)
 A - a +0 cloak of invisibility (worn)
 M - a +2 pair of boots of flying (worn)
Jewellery
 a - a ring of see invisible (right hand)
 y - a +6 ring of strength (left hand)
 D - a +5 amulet of reflection (around neck)
 I - an uncursed ring of fire
 R - an uncursed ring of wizardry
Wands
 x - a wand of acid (2/15)
 J - a wand of paralysis (11/24)
Scrolls
 g - 2 scrolls of identify
 m - 4 scrolls of remove curse
 n - 2 scrolls of enchant armour {unknown}
 p - 3 scrolls of teleportation {unknown}
 u - 2 scrolls of amnesia
 w - 2 scrolls of enchant weapon {unknown}
 B - a scroll of recharging {unknown}
 K - a scroll of magic mapping {unknown}
 O - a scroll of holy word {unknown}
 P - a scroll of random uselessness {unknown}
 Q - a scroll of vulnerability {unknown}
Potions
 b - 2 potions of agility
 i - 2 potions of lignification
 k - 2 potions of ambrosia
 o - 5 potions of curing
 t - 3 potions of haste
 z - 2 potions of brilliance
 E - 4 potions of might
Books
 G - a book of Misfortune

   Spells                             Type                      Level
   a - Confusing Touch                Hexes                        1
   b - Confuse                        Hexes                        3
   c - Gell's Gravitas                Hexes/Translocation          3
   d - Petrify                        Transmutation/Earth          4
   e - Metabolic Englaciation         Hexes/Ice                    5
   f - Yara's Violent Unravelling     Hexes/Transmutation          5
 S - a book of Minor Magic

   Spells                             Type                      Level
   a - Magic Dart                     Conjuration                  1
   b - Blink                          Translocation                2
   c - Call Imp                       Summoning                    2
   d - Repel Missiles                 Charms/Air                   2
   e - Slow                           Hexes                        2
   f - Conjure Flame                  Conjuration/Fire             3
   g - Mephitic Cloud                 Conjuration/Poison/Air       3
Comestibles
 f - 4 bread rations
 q - a royal jelly
 r - a beef jerky
 s - 7 fruits
 v - a slice of pizza
 C - 4 chunks of flesh
 L - 5 meat rations


   Skills:
 - Level 10.1 Fighting
 + Level 21.5 Axes
 - Level 2.0 Throwing
 - Level 2.4 Dodging


You had 11 spell levels left.
You didn't know any spells.

Dungeon Overview and Level Annotations

Branches:
Dungeon (8/15)             Temple (1/1) D:4            Lair (2/6) D:8
 Shoals (0/4) Lair:2
  Snake: Lair:2-4    Spider: Lair:2-4

Altars:
Ashenzari
Cheibriados
Dithmenos
Elyvilon
Fedhas
Hepliaklqana
Kikubaaqudgha
Makhleb
Nemelex Xobeh
Okawaru
Ru
Sif Muna
Vehumet
The Shining One

Shops:
D:4 ?   D:7 %   D:8 [

Annotations:
Lair:1 Grum


Innate Abilities, Weirdness & Mutations

You are frail. (-10% HP)


Message History

The polar bear is almost dead.
The polar bear bites you!!
* * * LOW HITPOINT WARNING * * *
The polar bear closely misses you.
The polar bear claws you but does no damage.
You are too injured to fight recklessly!
You are too injured to fight recklessly!
You are too injured to fight recklessly!
Unknown command.
You slash the polar bear! You freeze the polar bear.
The polar bear is almost dead.
The polar bear bites you but does no damage.
The polar bear claws you.
* * * LOW HITPOINT WARNING * * *
The polar bear claws you but does no damage.
Unknown command.
You barely miss the polar bear.
The polar bear is almost dead.
The polar bear bites you!
You die...

###≈# ##≈≈≈≈≈##...... ###≈≈≈##
##≈≈≈≈###.......
###≈≈≈≈≈≈#########≈≈≈≈##.....###.
#≈≈≈≈≈≈≈≈≈≈≈≈##≈≈≈≈####.....##...
≈≈≈≈≈≈≈≈≈≈≈≈≈≈≈≈#####.......#..).
##≈≈≈≈≈≈≈≈≈≈≈≈≈## #........##.))
#####≈≈≈≈≈##### #........##..
#≈≈≈### ###### ##........###
##### #.h@.######.........
#....#†..####.........
.....####....#...####### ..##
####...### # #####


You could see a polar bear (berserk).

Vanquished Creatures
  A frost giant (IceCv)
  A hydra (Lair:1)
  Erica (D:8)
  Pikel (D:4)
  Joseph (D:8)
  Maurice (D:8)
  3 sirens (Lair:2)
  4 spiny frogs
  A komodo dragon (Lair:2)
  A merfolk (Lair:2)
  12 polar bears (IceCv)
  Prince Ribbit (D:5)
  Grinder (D:5)
  4 blink frogs (Lair:1)
  A hippogriff (D:8)
  8 yaks
  A hungry ghost (D:7)
  Menkaure (D:5)
  Edmund (D:5)
  2 water moccasins
  Duvessa (D:5)
  2 porcupines (Lair:2)
  An ice beast (D:8)
  5 orc warriors
  2 black bears (Lair:1)
  2 phantoms
  3 slaves (D:4)
  2 ogres
  14 wolves
  3 centaurs
  5 crocodiles
  A big kobold (D:8)
  6 bullfrogs
  3 water moccasin zombies (Ossuary)
  Dowan (D:5)
  A water moccasin skeleton (D:5)
  4 wights (D:7)
  2 howler monkeys
  2 vampire bats (D:5)
  An electric eel (Lair:1)
  A crimson imp (D:7)
  2 quasits
  Crazy Yiuf (D:3)
  2 hounds (D:8)
  A jelly (D:7)
  4 orc wizards
  2 orc priests
  A gnoll shaman (D:5)
  Terence (D:2)
  5 iguanas
  3 worker ants
  A killer bee zombie (D:8)
  3 big kobold zombies (Ossuary)
  A hound zombie (D:6)
  2 mummies (Ossuary)
  11 gnolls
  11 adders
  26 river rats
  A shadow imp (D:7)
  12 white imps (Lair:2)
  2 oozes
  5 adder zombies
  3 worms
  A dart slug (D:1)
  5 leopard geckos
  9 orcs
  2 ball pythons
  5 bat skeletons (D:5)
  A bat zombie (D:5)
  4 giant cockroaches
  3 gnoll zombies (Ossuary)
  7 goblins
  4 hobgoblins
  18 jackals
  13 kobolds
  3 quokkas
  22 bats
  4 frilled lizards
  6 hobgoblin zombies (Ossuary)
  A jackal skeleton (D:4)
  3 kobold zombies (Ossuary)
  11 orc zombies (Ossuary)
  A quokka zombie (D:5)
  19 rats
  4 fungi
  3 plants
358 creatures vanquished.

Notes
Turn   | Place    | Note
-------+----------+-------------------------------------------
     0 | D:1      | Amnesiac the Hill Orc Gladiator began the quest for the Orb.
     0 | D:1      | Reached XP level 1. HP: 18/18 MP: 1/1
    70 | D:1      | Reached XP level 2. HP: 21/25 MP: 2/2
   219 | D:2      | Noticed Terence
   238 | D:2      | Killed Terence
   238 | D:2      | Reached skill level 5 in Axes
   238 | D:2      | Reached XP level 3. HP: 4/31 MP: 3/3
   621 | D:2      | Reached XP level 4. HP: 37/40 MP: 4/4
   766 | D:4      | Found Purait's Magic Scroll Shoppe.
   807 | D:4      | Reached skill level 6 in Axes
   973 | D:4      | Noticed an ogre
  1053 | D:4      | Reached XP level 5. HP: 37/46 MP: 5/5
  1084 | D:4      | Killed an ogre
  1084 | D:4      | Reached skill level 7 in Axes
  1084 | D:4      | Reached XP level 6. HP: 26/53 MP: 6/6
  1347 | D:4      | Found a staircase to the Ecumenical Temple.
  1357 | Temple   | Entered the Ecumenical Temple
  1367 | Temple   | Became a worshipper of Warmaster Okawaru
  2282 | D:2      | Reached skill level 5 in Fighting
  3021 | D:3      | Found a runed door.
  3059 | D:3      | Reached skill level 8 in Axes
  3307 | D:3      | Noticed Crazy Yiuf
  3323 | D:3      | Killed Crazy Yiuf
  3477 | D:4      | Noticed a slave
  3478 | D:4      | Noticed a slave
  3504 | D:4      | Killed a slave
  3581 | D:4      | Noticed Pikel
  3583 | D:4      | Noticed a slave
  3598 | D:4      | Killed a slave
  3611 | D:4      | Killed Pikel
  3611 | D:4      | Reached * piety under Okawaru
  3611 | D:4      | Reached skill level 10 in Axes
  3611 | D:4      | Reached XP level 7. HP: 48/61 MP: 7/7
  3611 | D:4      | Reached XP level 8. HP: 54/68 MP: 8/8
  3777 | D:4      | Reached skill level 11 in Axes
  3900 | D:5      | Entered Level 5 of the Dungeon
  3900 | D:5      | Noticed Edmund
  4039 | D:5      | Killed Edmund
  4085 | D:5      | Reached ** piety under Okawaru
  4094 | D:5      | Reached skill level 12 in Axes
  4377 | D:5      | Noticed Dowan
  4379 | D:5      | Noticed Duvessa
  4384 | D:5      | Killed Dowan
  4397 | D:5      | Killed Duvessa
  4630 | D:5      | Noticed Prince Ribbit
  4652 | D:5      | Killed Prince Ribbit
  4652 | D:5      | Reached skill level 13 in Axes
  4894 | D:5      | Found a sparkling altar of Nemelex Xobeh.
  4936 | D:5      | Found a radiant altar of Vehumet.
  4936 | D:5      | Found a shattered altar of Ashenzari.
  4960 | D:5      | Reached XP level 9. HP: 73/74 MP: 9/9
  4965 | D:5      | Noticed Grinder
  4978 | D:5      | Paralysed by Grinder for 2 turns
  4986 | D:5      | Reached *** piety under Okawaru
  4991 | D:5      | Found an ancient bone altar of Kikubaaqudgha.
  4998 | D:5      | Killed Grinder
  4998 | D:5      | Reached skill level 14 in Axes
  5317 | D:5      | Noticed Menkaure
  5320 | D:5      | Killed Menkaure
  6083 | D:6      | Found a sand-covered staircase.
  6091 | Ossuary  | Entered an ossuary
  6212 | Ossuary  | Reached **** piety under Okawaru
  7128 | D:7      | Reached skill level 10 in Fighting
  7128 | D:7      | Reached XP level 10. HP: 79/93 MP: 10/10
  7254 | D:7      | Found Cava's Food Boutique.
  7319 | D:7      | Reached ***** piety under Okawaru
  7873 | D:8      | Reached skill level 15 in Axes
  7892 | D:8      | Found a snail-covered altar of Cheibriados.
  7914 | D:8      | Noticed Erica
  7952 | D:8      | Killed Erica
  8115 | D:8      | Found Qiemofib's Armour Boutique.
  8126 | D:8      | Bought a +2 pair of boots of flying for 301 gold pieces
  8137 | D:8      | Bought a +0 cloak of invisibility for 161 gold pieces
  8205 | D:8      | Noticed Maurice
  8230 | D:8      | Killed Maurice
  8230 | D:8      | Reached skill level 16 in Axes
  8520 | D:8      | Noticed Joseph
  8541 | D:8      | Killed Joseph
  8644 | D:8      | Found a staircase to the Lair.
  8800 | D:8      | Received a gift from Okawaru
  8800 | D:8      | Reached skill level 17 in Axes
  8801 | D:8      | Got a warped hat {god gift}
  8815 | D:8      | Identified the +1 hat of the Untouchables {+Fly Int+4} (Okawaru gifted it to you on level 8 of the Dungeon)
  9183 | Lair:1   | Entered Level 1 of the Lair of Beasts
  9207 | Lair:1   | Reached XP level 11. HP: 90/99 MP: 11/11
  9292 | Lair:1   | Reached skill level 18 in Axes
  9558 | Lair:1   | Noticed a four-headed hydra
  9574 | Lair:1   | Killed a four-headed hydra
 10125 | Lair:1   | Noticed Grum
 10235 | Lair:2   | Reached skill level 19 in Axes
 10346 | Lair:2   | Found a staircase to the Shoals.
 10681 | Lair:2   | Found a frozen archway.
 10708 | IceCv    | Entered an ice cave
 10721 | IceCv    | Reached skill level 20 in Axes
 10967 | IceCv    | Received a gift from Okawaru
 10967 | IceCv    | Reached XP level 12. HP: 106/106 MP: 12/12
 11352 | IceCv    | Got a faintly glowing halberd
 11353 | IceCv    | Identified the cursed +0 halberd "Faesm" {antimagic, *Contam rElec rF+ rN+} (You found it in an ice cave)
 11370 | IceCv    | Gained mutation: You are frail. (-10% HP) [mutagenic glow]
 11591 | IceCv    | Noticed a frost giant
 11643 | IceCv    | Killed a frost giant
 11643 | IceCv    | Reached skill level 21 in Axes
 12070 | IceCv    | Slain by a polar bear

Vault maps used:
D:1:      minmay_arrival_four_loops, minivault_5
D:2:      first_bread, uniq_terence
D:3:      minmay_misc_feat_x, uniq_crazy_yiuf_cottage
D:4:      serial_shops, nicolae_shop_crystal, minmay_misc_feat_square,
          uniq_pikel
D:5:      kennysheep_vampire_church, gammafunk_temple_overflow_pools,
          kennysheep_little_box, minmay_liquid_box, minmay_misc_feat_plants,
          minmay_misc_feat_room, uniq_grinder, uniq_edmund, uniq_prince_ribbit1,
          uniq_menkaure, uniq_duvessa
D:6:      chequers_ossuary_entry_cave
D:7:      serial_shops, shop
D:8:      old_standard_altar, grunt_lair_entry_orc_guard_hut, serial_shops,
          shop, uniq_maurice, uniq_erica, uniq_joseph
Temple:   eino_temple_rhombus
Lair:1:   gammafunk_lair_bear_cave, uniq_grum
Lair:2:   elwin_shoals_entry_stream, portal_ice_cave_entry_imps
Ossuary:  ossuary_tomb_2
IceCv:    ice_cave_small_giant

Skill      XL: |  1  2  3  4  5  6  7  8  9 10 11 12 |
---------------+-------------------------------------+-----
Fighting       | 3 4 5 10 | 10.1
Axes           | 5 6 7 10 13 14 17 20 21 | 21.5
Throwing       | 2 |  2.0
Dodging        | |  2.4

Action                   |  1- 3 |  4- 6 |  7- 9 | 10-12 || total
-------------------------+-------+-------+-------+-------++-------
Melee: War axe           |    70 |   232 |   413 |       ||   715
       Broad axe         |       |       |       |   219 ||   219
       Battleaxe         |       |       |       |   335 ||   335
Throw: Javelin           |       |    10 |     5 |    11 ||    26
       Throwing net      |       |     1 |       |       ||     1
Evoke: Wand              |       |       |       |     1 ||     1
  Use: Scroll            |       |     7 |       |     9 ||    16
       Potion            |       |     1 |       |     5 ||     6
 Stab: Distracted        |       |       |     1 |     1 ||     2
  Eat: Chunk             |       |     9 |    11 |    19 ||    39
Armor: Leather armour    |     6 |       |       |       ||     6
       Ring mail         |     4 |       |       |       ||     4
       Chain mail        |    20 |   146 |   175 |   257 ||   598
       Skin              |       |       |    12 |     3 ||    15
Dodge: Dodged            |    51 |   112 |   129 |   203 ||   495
Block: Other             |       |       |     1 |    96 ||    97
       Reflection        |       |       |       |     1 ||     1
